[ AOE2 MATCH · #468186927 ]
UnrankedJapanese vs None
Player's team · LOSS
Rival team · WIN
[ REPLAY ANALYSIS · EXTRACTED FROM THE RECORDED GAME ]
Feudal
—
Castle
—
Imperial
—
| APM avg | 29.5 |
| APM peak | 294 |
| eAPM avg | 24.3 |
| Villagers / military | 250 / 288 |
Focus
⚔️ 39.6% · 🌾 60.4%
Spearman ×176 · Samurai ×79 · Trade Cart ×72 · Trebuchet (Packed) ×20 · Monk ×8 · Battering Ram ×3
Feudal
—
Castle
—
Imperial
—
| APM avg | 0.1 |
| APM peak | 9 |
| eAPM avg | 0.1 |
| Villagers / military | 0 / 0 |
Feudal
—
Castle
—
Imperial
—
| APM avg | 14.4 |
| APM peak | 62 |
| eAPM avg | 7.2 |
| Villagers / military | 143 / 44 |
Focus
⚔️ 21.4% · 🌾 78.6%
Militia ×26 · Fishing Ship ×24 · Trebuchet (Packed) ×11 · Battering Ram ×3 · Monk ×2 · Mangonel ×1
Feudal
—
Castle
—
Imperial
—
| APM avg | 13.5 |
| APM peak | 114 |
| eAPM avg | 12.2 |
| Villagers / military | 104 / 526 |
Focus
⚔️ 72.9% · 🌾 27.1%
Skirmisher ×306 · Longbowman ×48 · Spearman ×45 · Scout Cavalry ×37 · Knight ×25 · Archer ×24
Feudal
—
Castle
—
Imperial
—
| APM avg | 4.3 |
| APM peak | 42 |
| eAPM avg | 2.4 |
| Villagers / military | 39 / 8 |
Focus
⚔️ 13.3% · 🌾 86.7%
Fishing Ship ×9 · Spearman ×5 · Archer ×2 · Monk ×1
Feudal
—
Castle
—
Imperial
—
| APM avg | 0.2 |
| APM peak | 19 |
| eAPM avg | 0.2 |
| Villagers / military | 4 / 0 |
Focus
⚔️ 14.3% · 🌾 85.7%
Feudal
—
Castle
—
Imperial
—
| APM avg | 10.0 |
| APM peak | 55 |
| eAPM avg | 7.3 |
| Villagers / military | 85 / 236 |
Focus
⚔️ 51.1% · 🌾 48.9%
Knight ×73 · Hand Cannoneer ×54 · Cavalry Archer ×33 · Mangonel ×28 · Battle Elephant ×27 · Spearman ×12
Feudal
—
Castle
—
Imperial
—
| APM avg | 15.1 |
| APM peak | 39 |
| eAPM avg | 10.3 |
| Villagers / military | 98 / 263 |
Focus
⚔️ 47.6% · 🌾 52.4%
Longbowman ×111 · Archer ×60 · Battering Ram ×32 · Scout Cavalry ×30 · Militia ×11 · Knight ×7
Match map
Initial resources + every placement click. Lines = walls · curves = elevation contours. ◆ gold · ⬟ stone · ● berries · ✦ relic · ◌ wall gap
Inputs per minute
— Xabito77 - - 就是个玩
Build order — Xabito77
First 150 of 903 actions detected
| 0:05 | Create | Villager (Male) |
| 0:05 | Create | Villager (Male) |
| 0:05 | Create | Villager (Male) |
| 0:05 | Create | Villager (Male) |
| 0:07 | Build | House |
| 0:08 | Build | House |
| 0:59 | Build | House |
| 1:34 | Build | Mill |
| 1:48 | Create | Villager (Male) |
| 2:22 | Create | Villager (Male) |
| 2:43 | Create | Villager (Male) |
| 2:51 | Create | Villager (Male) |
| 3:29 | Create | Villager (Male) |
| 3:57 | Create | Villager (Male) |
| 4:22 | Create | Villager (Male) |
| 4:39 | Create | Villager (Male) |
| 4:58 | Create | Villager (Male) |
| 5:03 | Build | House |
| 5:29 | Create | Villager (Male) |
| 5:30 | Create | Villager (Male) |
| 5:57 | Create | Villager (Male) |
| 6:24 | Create | Villager (Male) |
| 6:54 | Create | Villager (Male) |
| 7:06 | Create | Villager (Male) |
| 7:22 | Build | Lumber Camp |
| 7:35 | Build | Lumber Camp |
| 7:40 | Create | Villager (Male) |
| 8:15 | Create | Villager (Male) |
| 8:29 | Research | Feudal Age |
| 9:06 | Build | House |
| 9:25 | Build | Mining Camp |
| 9:49 | Build | Mining Camp |
| 10:52 | Research | Wheelbarrow |
| 10:56 | Research | Double-Bit Axe |
| 11:17 | Research | Horse Collar |
| 11:35 | Research | Gold Mining |
| 11:55 | Create | Villager (Male) |
| 12:24 | Create | Villager (Male) |
| 12:33 | Research | Stone Mining |
| 12:56 | Create | Villager (Male) |
| 13:22 | Create | Villager (Male) |
| 13:25 | Build | House |
| 13:27 | Create | Villager (Male) |
| 13:56 | Build | Market |
| 13:57 | Create | Villager (Male) |
| 14:02 | Create | Villager (Male) |
| 14:31 | Create | Villager (Male) |
| 14:47 | Create | Villager (Male) |
| 15:16 | Build | Blacksmith |
| 15:26 | Create | Villager (Male) |
| 15:28 | Build | Farm |
| 15:30 | Build | Farm |
| 15:31 | Build | Farm |
| 15:37 | Build | Farm |
| 15:39 | Build | Farm |
| 15:41 | Build | Farm |
| 15:42 | Build | Farm |
| 15:57 | Build | House |
| 15:58 | Create | Villager (Male) |
| 16:22 | Create | Villager (Male) |
| 16:31 | Build | House |
| 16:46 | Create | Villager (Male) |
| 16:50 | Build | Farm |
| 16:54 | Build | Farm |
| 17:00 | Build | Farm |
| 17:01 | Build | Farm |
| 17:07 | Build | Farm |
| 17:11 | Build | House |
| 17:12 | Create | Villager (Male) |
| 17:39 | Build | Farm |
| 17:50 | Create | Villager (Male) |
| 18:14 | Build | Barracks |
| 18:19 | Create | Villager (Male) |
| 18:42 | Build | Farm |
| 18:53 | Build | Stone Wall |
| 18:56 | Create | Villager (Male) |
| 19:00 | Research | Castle Age |
| 19:40 | Research | Forging |
| 20:01 | Build | Building 490 |
| 20:34 | Research | Scale Mail Armor |
| 20:37 | Research | Arson |
| 21:19 | Build | House |
| 21:49 | Build | Monastery |
| 21:52 | Research | Hand Cart |
| 22:01 | Build | Town Center |
| 22:07 | Research | Heavy Plow |
| 22:09 | Research | Bow Saw |
| 22:18 | Build | Castle |
| 22:21 | Create | Villager (Male) |
| 22:22 | Create | Monk |
| 22:28 | Create | Villager (Male) |
| 22:51 | Create | Villager (Male) |
| 22:51 | Create | Villager (Male) |
| 22:59 | Create | Villager (Male) |
| 23:14 | Create | Villager (Male) |
| 23:15 | Create | Monk |
| 23:31 | Build | Farm |
| 23:32 | Build | Farm |
| 23:33 | Create | Villager (Male) |
| 23:38 | Research | Gold Shaft Mining |
| 24:04 | Build | Farm |
| 24:05 | Build | Farm |
| 24:06 | Build | Farm |
| 24:07 | Create | Villager (Male) |
| 24:10 | Create | Monk |
| 24:41 | Create | Villager (Male) |
| 24:41 | Create | Villager (Male) |
| 24:58 | Create | Villager (Male) |
| 24:59 | Create | Villager (Male) |
| 25:06 | Build | Farm |
| 25:07 | Build | Farm |
| 25:08 | Build | Farm |
| 25:10 | Build | Farm |
| 25:14 | Build | Mill |
| 25:15 | Create | Villager (Male) |
| 25:24 | Build | Castle |
| 25:28 | Create | Villager (Male) |
| 25:28 | Create | Villager (Male) |
| 25:47 | Create | Villager (Male) |
| 25:48 | Create | Villager (Male) |
| 25:51 | Research | Squires |
| 25:56 | Create | Villager (Male) |
| 26:08 | Build | Town Center |
| 26:10 | Create | Villager (Male) |
| 26:19 | Build | Farm |
| 26:20 | Create | Villager (Male) |
| 26:32 | Create | Villager (Male) |
| 26:49 | Build | Mining Camp |
| 27:00 | Create | Villager (Male) |
| 27:18 | Create | Villager (Male) |
| 27:18 | Create | Villager (Male) |
| 27:19 | Build | Farm |
| 27:24 | Research | Iron Casting |
| 27:28 | Create | Villager (Male) |
| 27:35 | Create | Villager (Male) |
| 27:35 | Create | Villager (Male) |
| 27:40 | Create | Villager (Male) |
| 27:49 | Create | Villager (Male) |
| 27:56 | Build | Farm |
| 27:59 | Create | Villager (Male) |
| 28:17 | Build | House |
| 28:20 | Create | Villager (Male) |
| 28:30 | Build | Farm |
| 28:48 | Create | Villager (Male) |
| 28:48 | Create | Villager (Male) |
| 29:01 | Create | Villager (Male) |
| 29:02 | Create | Villager (Male) |
| 29:05 | Build | Farm |
| 29:08 | Build | Farm |
| 29:11 | Create | Villager (Male) |
Build order — 就是个玩
0 actions detected in the replay
Build order — 亡灵圣歌
First 150 of 385 actions detected
| 0:06 | Create | Villager (Male) |
| 0:06 | Create | Villager (Male) |
| 0:08 | Build | House |
| 0:10 | Build | House |
| 0:31 | Create | Villager (Male) |
| 0:31 | Create | Villager (Male) |
| 1:31 | Create | Villager (Male) |
| 2:11 | Create | Villager (Male) |
| 2:12 | Create | Villager (Male) |
| 2:12 | Create | Villager (Male) |
| 3:05 | Create | Villager (Male) |
| 3:19 | Create | Villager (Male) |
| 3:20 | Create | Villager (Male) |
| 3:26 | Build | House |
| 3:38 | Build | House |
| 3:46 | Create | Villager (Male) |
| 4:06 | Build | Lumber Camp |
| 4:45 | Create | Villager (Male) |
| 4:45 | Create | Villager (Male) |
| 5:09 | Create | Villager (Male) |
| 5:09 | Create | Villager (Male) |
| 5:11 | Create | Villager (Male) |
| 5:11 | Create | Villager (Male) |
| 5:34 | Create | Villager (Male) |
| 6:33 | Build | Dock |
| 6:51 | Create | Villager (Male) |
| 6:54 | Build | House |
| 7:21 | Build | Mill |
| 7:22 | Create | Fishing Ship |
| 7:28 | Build | House |
| 7:38 | Create | Villager (Male) |
| 8:06 | Create | Villager (Male) |
| 8:10 | Create | Fishing Ship |
| 8:17 | Create | Villager (Male) |
| 9:09 | Build | Mining Camp |
| 9:10 | Create | Villager (Male) |
| 9:13 | Research | Feudal Age |
| 9:21 | Create | Fishing Ship |
| 9:49 | Create | Fishing Ship |
| 10:02 | Research | Loom |
| 10:05 | Create | Villager (Male) |
| 10:05 | Create | Villager (Male) |
| 10:28 | Create | Fishing Ship |
| 11:24 | Create | Fishing Ship |
| 11:57 | Build | Market |
| 12:05 | Build | Blacksmith |
| 12:27 | Build | Stone Wall |
| 12:28 | Build | Stone Wall |
| 13:38 | Research | Castle Age |
| 13:43 | Build | House |
| 13:44 | Build | House |
| 13:55 | Build | Mining Camp |
| 14:09 | Create | Demolition Raft |
| 14:11 | Research | Double-Bit Axe |
| 14:15 | Create | Fishing Ship |
| 14:25 | Build | Fish Trap |
| 14:26 | Build | Fish Trap |
| 14:29 | Build | Fish Trap |
| 14:37 | Research | Tech 906 |
| 14:50 | Build | Stone Wall |
| 14:54 | Build | Stone Wall |
| 14:57 | Build | House |
| 14:58 | Build | House |
| 15:07 | Build | Outpost |
| 15:19 | Build | Fish Trap |
| 15:22 | Build | House |
| 15:23 | Build | House |
| 15:26 | Build | Fish Trap |
| 15:29 | Build | Fish Trap |
| 15:57 | Create | Villager (Male) |
| 15:57 | Create | Villager (Male) |
| 16:21 | Build | Town Center |
| 16:29 | Create | Villager (Male) |
| 16:39 | Build | House |
| 16:46 | Research | Horse Collar |
| 17:12 | Create | Villager (Male) |
| 17:15 | Research | Bow Saw |
| 17:17 | Create | Villager (Male) |
| 17:39 | Build | Stone Wall |
| 17:41 | Build | Building 673 |
| 17:50 | Create | Villager (Male) |
| 17:54 | Build | Monastery |
| 17:58 | Create | Villager (Male) |
| 18:08 | Build | Town Center |
| 18:20 | Create | Villager (Male) |
| 18:32 | Build | House |
| 18:36 | Build | Stone Wall |
| 18:45 | Create | Villager (Male) |
| 18:46 | Create | Monk |
| 18:48 | Create | Villager (Male) |
| 18:51 | Build | House |
| 18:53 | Build | House |
| 18:57 | Build | House |
| 19:00 | Create | Villager (Male) |
| 19:03 | Create | Villager (Male) |
| 19:07 | Create | Fishing Ship |
| 19:10 | Create | Villager (Male) |
| 19:19 | Build | Town Center |
| 19:24 | Create | Villager (Male) |
| 19:28 | Create | Villager (Male) |
| 19:28 | Create | Villager (Male) |
| 19:31 | Create | Villager (Male) |
| 19:41 | Create | Villager (Male) |
| 19:45 | Build | Mining Camp |
| 19:46 | Create | Villager (Male) |
| 19:49 | Build | Farm |
| 19:51 | Build | Farm |
| 19:51 | Build | Farm |
| 19:52 | Build | Farm |
| 19:55 | Build | Farm |
| 19:57 | Create | Villager (Male) |
| 20:02 | Build | Fish Trap |
| 20:03 | Create | Villager (Male) |
| 20:05 | Create | Villager (Male) |
| 20:10 | Create | Villager (Male) |
| 20:27 | Create | Villager (Male) |
| 26:16 | Create | Villager (Male) ×5 |
| 26:17 | Create | Villager (Male) ×5 |
| 26:17 | Create | Villager (Male) ×5 |
| 26:17 | Create | Villager (Male) ×5 |
| 26:22 | Create | Fishing Ship ×5 |
| 26:22 | Create | Fishing Ship ×5 |
| 26:22 | Create | Fishing Ship ×5 |
| 26:26 | Build | Town Center |
| 26:45 | Research | Gold Mining |
| 26:46 | Research | Stone Mining |
| 26:47 | Research | Heavy Plow |
| 26:48 | Research | Wheelbarrow |
| 26:49 | Research | Town Watch |
| 26:51 | Create | Villager (Male) ×5 |
| 26:51 | Create | Villager (Male) ×4 |
| 26:55 | Build | Farm |
| 26:56 | Build | Farm |
| 26:57 | Build | Farm |
| 26:58 | Build | Farm |
| 26:58 | Build | Farm |
| 26:59 | Build | Farm |
| 27:52 | Build | Farm |
| 27:53 | Build | Farm |
| 27:54 | Build | Farm |
| 27:55 | Build | Farm |
| 29:05 | Create | Villager (Male) |
| 29:05 | Create | Villager (Male) |
| 29:05 | Create | Villager (Male) |
| 29:13 | Build | Dock |
| 29:17 | Build | University |
| 29:18 | Build | House |
| 29:18 | Build | House |
| 29:20 | Create | Villager (Male) |
| 29:31 | Create | Villager (Male) |
Build order — JUEZ94
First 150 of 848 actions detected
| 0:10 | Build | House |
| 0:13 | Build | House |
| 0:16 | Build | House |
| 0:20 | Build | Mill |
| 0:23 | Build | Palisade Wall |
| 0:41 | Create | Villager (Male) |
| 0:41 | Create | Villager (Male) |
| 0:41 | Create | Villager (Male) |
| 0:41 | Create | Villager (Male) |
| 0:42 | Create | Villager (Male) |
| 2:09 | Create | Villager (Male) |
| 2:38 | Create | Villager (Male) |
| 2:38 | Create | Villager (Male) |
| 2:38 | Create | Villager (Male) |
| 3:28 | Create | Villager (Male) |
| 3:28 | Create | Villager (Male) |
| 3:28 | Create | Villager (Male) |
| 4:28 | Create | Villager (Male) |
| 4:29 | Create | Villager (Male) |
| 4:29 | Create | Villager (Male) |
| 4:29 | Create | Villager (Male) |
| 5:05 | Build | Mill |
| 5:13 | Create | Villager (Male) |
| 5:13 | Create | Villager (Male) |
| 5:14 | Create | Villager (Male) |
| 6:14 | Create | Villager (Male) |
| 6:15 | Create | Villager (Male) |
| 6:15 | Create | Villager (Male) |
| 6:15 | Create | Villager (Male) |
| 6:24 | Create | Villager (Male) |
| 6:34 | Build | House |
| 6:36 | Build | House |
| 6:43 | Build | House |
| 7:10 | Build | Lumber Camp |
| 7:48 | Create | Villager (Male) |
| 7:48 | Create | Villager (Male) |
| 7:49 | Create | Villager (Male) |
| 7:49 | Research | Loom |
| 7:56 | Create | Villager (Male) |
| 8:24 | Build | Farm |
| 8:37 | Build | Barracks |
| 8:46 | Build | Farm |
| 9:35 | Build | Farm |
| 9:58 | Build | Farm |
| 10:07 | Create | Villager (Male) |
| 10:07 | Create | Villager (Male) |
| 10:08 | Create | Villager (Male) |
| 10:08 | Create | Villager (Male) |
| 10:45 | Build | Farm |
| 11:11 | Build | Farm |
| 11:28 | Build | Farm |
| 11:46 | Build | Farm |
| 11:56 | Build | Farm |
| 12:01 | Build | Farm |
| 12:05 | Build | Farm |
| 12:43 | Build | Mining Camp |
| 12:51 | Research | Feudal Age |
| 13:06 | Build | Farm |
| 13:50 | Build | Lumber Camp |
| 14:03 | Create | Militia |
| 14:03 | Create | Militia |
| 14:03 | Create | Militia |
| 14:03 | Create | Militia |
| 14:04 | Create | Militia |
| 14:04 | Create | Militia |
| 14:04 | Create | Militia |
| 14:04 | Create | Militia |
| 14:47 | Create | Villager (Male) |
| 14:47 | Create | Villager (Male) |
| 14:47 | Create | Villager (Male) |
| 14:48 | Create | Villager (Male) |
| 14:48 | Create | Villager (Male) |
| 14:48 | Create | Villager (Male) |
| 14:49 | Create | Villager (Male) |
| 14:49 | Create | Villager (Male) |
| 15:16 | Research | Double-Bit Axe |
| 15:54 | Research | Town Watch |
| 15:58 | Build | House |
| 16:01 | Build | House |
| 16:04 | Build | House |
| 16:08 | Build | House |
| 17:02 | Research | Horse Collar |
| 17:05 | Research | Wheelbarrow |
| 17:13 | Build | Farm |
| 17:38 | Create | Villager (Male) |
| 17:39 | Create | Villager (Male) |
| 17:39 | Create | Villager (Male) |
| 17:40 | Create | Villager (Male) |
| 17:50 | Build | Stable |
| 18:00 | Research | Man-at-Arms (upgrade) |
| 18:35 | Build | Watch Tower |
| 19:08 | Build | Blacksmith |
| 19:23 | Create | Scout Cavalry |
| 19:24 | Create | Scout Cavalry |
| 19:24 | Create | Scout Cavalry |
| 20:05 | Build | Market |
| 20:27 | Build | House |
| 20:30 | Build | House |
| 20:32 | Build | House |
| 20:34 | Build | House |
| 20:39 | Build | House |
| 20:51 | Build | Farm |
| 21:41 | Build | Farm |
| 21:59 | Build | Farm |
| 22:12 | Research | Castle Age |
| 22:36 | Research | Forging |
| 23:26 | Build | Stone Wall |
| 23:31 | Build | Building 673 |
| 23:37 | Build | Stone Wall |
| 24:36 | Create | Scout Cavalry |
| 24:37 | Create | Scout Cavalry |
| 24:37 | Create | Scout Cavalry |
| 24:37 | Create | Scout Cavalry |
| 24:37 | Create | Scout Cavalry |
| 24:55 | Create | Villager (Male) |
| 24:56 | Create | Villager (Male) |
| 24:56 | Create | Villager (Male) |
| 24:56 | Create | Villager (Male) |
| 24:57 | Create | Villager (Male) |
| 24:57 | Create | Villager (Male) |
| 24:57 | Create | Villager (Male) |
| 24:58 | Create | Villager (Male) |
| 25:14 | Research | Heavy Plow |
| 26:11 | Build | Stone Wall |
| 26:21 | Build | Farm |
| 26:25 | Build | Farm |
| 26:31 | Research | Bow Saw |
| 26:41 | Build | Lumber Camp |
| 26:55 | Create | Knight |
| 26:55 | Create | Knight |
| 26:56 | Create | Knight |
| 26:56 | Create | Knight |
| 26:56 | Create | Knight |
| 26:57 | Create | Knight |
| 26:57 | Create | Knight |
| 27:13 | Build | Archery Range |
| 27:16 | Build | Archery Range |
| 27:20 | Build | Archery Range |
| 27:24 | Build | Archery Range |
| 27:28 | Build | Archery Range |
| 27:41 | Build | Mining Camp |
| 28:20 | Research | Gold Mining |
| 28:21 | Research | Stone Mining |
| 28:42 | Build | Mill |
| 28:50 | Build | Farm |
| 29:17 | Build | Barracks |
| 29:20 | Build | Barracks |
| 29:23 | Build | Barracks |
| 29:26 | Build | Barracks |
| 29:33 | Research | Pikeman (upgrade) |
Build order — JustMytical
108 actions detected in the replay
| 0:08 | Build | House |
| 0:12 | Build | House |
| 0:18 | Create | Villager (Male) |
| 1:15 | Build | Mining Camp |
| 2:15 | Create | Villager (Male) |
| 2:34 | Build | Lumber Camp |
| 3:05 | Create | Villager (Male) |
| 3:06 | Create | Villager (Male) |
| 5:34 | Create | Villager (Male) |
| 6:46 | Build | House |
| 6:57 | Create | Villager (Male) |
| 6:57 | Create | Villager (Male) |
| 7:23 | Create | Villager (Male) |
| 10:03 | Create | Villager (Male) |
| 10:03 | Create | Villager (Male) |
| 12:15 | Build | Mill |
| 12:45 | Research | Feudal Age |
| 13:01 | Build | Mining Camp |
| 14:40 | Build | Barracks |
| 14:49 | Build | Farm |
| 14:52 | Build | Farm |
| 14:59 | Build | Farm |
| 15:13 | Build | Dock |
| 15:31 | Research | Gold Mining |
| 15:39 | Create | Villager (Male) ×4 |
| 16:03 | Create | Spearman |
| 16:03 | Create | Spearman |
| 16:36 | Build | House |
| 16:38 | Build | House |
| 17:26 | Research | Horse Collar |
| 17:51 | Create | Villager (Male) |
| 18:51 | Create | Spearman |
| 19:22 | Build | Farm |
| 19:26 | Create | Villager (Male) |
| 19:26 | Create | Villager (Male) |
| 19:29 | Research | Wheelbarrow |
| 19:29 | Create | Villager (Male) |
| 19:30 | Create | Villager (Male) |
| 19:49 | Build | Stone Wall |
| 20:15 | Create | Fishing Ship |
| 20:22 | Create | Fishing Ship |
| 20:23 | Create | Fishing Ship |
| 21:14 | Build | Lumber Camp |
| 21:47 | Research | Double-Bit Axe |
| 22:10 | Create | Villager (Male) |
| 22:11 | Create | Villager (Male) |
| 22:40 | Create | Villager (Male) ×5 |
| 23:00 | Build | Blacksmith |
| 23:33 | Build | House |
| 23:35 | Build | House |
| 23:38 | Build | House |
| 23:41 | Build | House |
| 24:06 | Build | Farm |
| 24:14 | Build | Farm |
| 24:28 | Build | Farm |
| 24:52 | Build | Farm |
| 25:14 | Build | Farm |
| 25:20 | Build | Farm |
| 25:44 | Create | Villager (Male) ×5 |
| 26:15 | Build | Archery Range |
| 27:40 | Build | Stable |
| 27:44 | Create | Fishing Ship |
| 27:44 | Create | Fishing Ship |
| 27:45 | Create | Fishing Ship |
| 28:05 | Build | Lumber Camp |
| 28:22 | Research | Castle Age |
| 28:39 | Create | Archer |
| 28:39 | Create | Archer |
| 28:43 | Create | Spearman |
| 28:43 | Create | Spearman |
| 29:16 | Build | House |
| 29:17 | Build | House |
| 29:19 | Build | House |
| 29:21 | Build | House |
| 29:25 | Build | House |
| 29:42 | Build | Fish Trap |
| 29:51 | Research | Tech 906 |
| 30:16 | Build | House |
| 30:18 | Build | House |
| 31:04 | Research | Bow Saw |
| 31:10 | Research | Heavy Plow |
| 31:14 | Research | Gold Shaft Mining |
| 31:22 | Research | Gillnets |
| 31:26 | Create | Fishing Ship |
| 31:35 | Research | Hand Cart |
| 31:55 | Create | Villager (Male) |
| 31:56 | Create | Villager (Male) |
| 31:56 | Create | Villager (Male) |
| 32:16 | Build | Lumber Camp |
| 32:29 | Build | Fish Trap |
| 32:32 | Build | Fish Trap |
| 32:55 | Build | Fish Trap |
| 33:08 | Build | Fish Trap |
| 33:14 | Build | Fish Trap |
| 33:29 | Build | Castle |
| 33:44 | Build | Farm |
| 33:49 | Create | Villager (Male) ×5 |
| 34:01 | Research | Squires |
| 34:17 | Research | Forging |
| 34:35 | Research | Scale Mail Armor |
| 35:04 | Build | Monastery |
| 35:19 | Build | Farm |
| 35:28 | Create | Fishing Ship |
| 35:28 | Create | Fishing Ship |
| 35:36 | Build | Farm |
| 35:47 | Research | Stone Mining |
| 35:56 | Create | Monk |
| 36:11 | Build | Stone Wall |
Build order — Monad
8 actions detected in the replay
| 0:22 | Create | Villager (Male) |
| 0:22 | Create | Villager (Male) |
| 0:23 | Research | Loom |
| 0:37 | Build | House |
| 0:39 | Build | House |
| 0:40 | Build | House |
| 0:44 | Create | Villager (Male) |
| 0:44 | Create | Villager (Male) |
Build order — alexis_l_g
First 150 of 464 actions detected
| 0:44 | Create | Villager (Male) |
| 0:44 | Create | Villager (Male) |
| 0:44 | Create | Villager (Male) |
| 0:45 | Create | Villager (Male) |
| 0:45 | Create | Villager (Male) |
| 0:45 | Create | Villager (Male) |
| 1:25 | Build | House |
| 1:28 | Build | House |
| 1:30 | Build | House |
| 1:33 | Build | House |
| 4:26 | Create | Villager (Male) |
| 4:26 | Create | Villager (Male) |
| 4:27 | Create | Villager (Male) |
| 4:27 | Create | Villager (Male) |
| 5:13 | Build | Lumber Camp |
| 6:45 | Build | Mill |
| 7:04 | Create | Villager (Male) |
| 7:04 | Create | Villager (Male) |
| 7:05 | Create | Villager (Male) |
| 7:05 | Create | Villager (Male) |
| 7:07 | Create | Villager (Male) |
| 7:07 | Create | Villager (Male) |
| 7:08 | Create | Villager (Male) |
| 7:08 | Create | Villager (Male) |
| 8:21 | Create | Villager (Male) |
| 8:21 | Create | Villager (Male) |
| 8:21 | Create | Villager (Male) |
| 8:22 | Create | Villager (Male) |
| 9:30 | Build | Farm |
| 9:38 | Build | Farm |
| 9:46 | Build | Farm |
| 10:03 | Build | Farm |
| 11:31 | Build | Farm |
| 11:38 | Build | Farm |
| 12:29 | Create | Villager (Male) |
| 12:30 | Create | Villager (Male) |
| 12:32 | Create | Villager (Male) |
| 12:32 | Create | Villager (Male) |
| 12:32 | Create | Villager (Male) |
| 12:36 | Create | Villager (Male) |
| 12:36 | Create | Villager (Male) |
| 12:37 | Create | Villager (Male) |
| 12:37 | Create | Villager (Male) |
| 12:37 | Create | Villager (Male) |
| 13:06 | Build | Palisade Wall |
| 14:11 | Build | Palisade Wall |
| 14:28 | Build | Farm |
| 14:47 | Build | Mining Camp |
| 15:16 | Build | House |
| 15:20 | Build | House |
| 15:22 | Build | House |
| 15:26 | Build | House |
| 16:50 | Create | Villager (Male) |
| 16:51 | Create | Villager (Male) |
| 16:51 | Create | Villager (Male) |
| 16:51 | Create | Villager (Male) |
| 16:52 | Create | Villager (Male) |
| 16:52 | Create | Villager (Male) |
| 16:52 | Create | Villager (Male) |
| 16:53 | Create | Villager (Male) |
| 16:53 | Create | Villager (Male) |
| 16:53 | Create | Villager (Male) |
| 16:53 | Create | Villager (Male) |
| 16:54 | Create | Villager (Male) |
| 17:24 | Build | Mining Camp |
| 17:53 | Build | House |
| 17:56 | Build | House |
| 17:59 | Build | House |
| 18:04 | Build | House |
| 18:05 | Build | House |
| 18:35 | Build | Farm |
| 18:38 | Research | Feudal Age |
| 19:52 | Build | Barracks |
| 20:29 | Build | Farm |
| 21:12 | Build | Farm |
| 21:32 | Build | Farm |
| 21:40 | Build | Farm |
| 21:53 | Build | House |
| 21:55 | Build | House |
| 22:01 | Build | House |
| 22:04 | Build | House |
| 22:24 | Build | Farm |
| 22:35 | Build | Farm |
| 22:45 | Build | Farm |
| 23:11 | Build | Lumber Camp |
| 23:23 | Build | Farm |
| 23:34 | Build | Farm |
| 24:51 | Research | Town Watch |
| 24:54 | Research | Wheelbarrow |
| 24:57 | Research | Castle Age |
| 25:16 | Research | Horse Collar |
| 25:28 | Research | Gold Mining |
| 25:29 | Research | Stone Mining |
| 25:36 | Research | Double-Bit Axe |
| 26:34 | Research | Arson |
| 26:36 | Create | Spearman |
| 26:36 | Create | Spearman |
| 26:37 | Create | Spearman |
| 26:40 | Create | Spearman |
| 26:40 | Create | Spearman |
| 26:40 | Create | Spearman |
| 26:41 | Create | Spearman |
| 26:43 | Create | Spearman |
| 26:44 | Create | Spearman |
| 26:44 | Create | Spearman |
| 26:44 | Create | Spearman |
| 26:45 | Create | Spearman |
| 29:17 | Research | Hand Cart |
| 29:19 | Research | Town Patrol |
| 29:25 | Create | Villager (Male) |
| 29:25 | Create | Villager (Male) |
| 29:25 | Create | Villager (Male) |
| 29:26 | Create | Villager (Male) |
| 29:27 | Create | Villager (Male) |
| 29:27 | Create | Villager (Male) |
| 29:59 | Build | Farm |
| 30:18 | Build | Archery Range |
| 30:21 | Build | Archery Range |
| 30:25 | Build | Archery Range |
| 32:59 | Build | Monastery |
| 34:07 | Create | Monk |
| 34:08 | Create | Monk |
| 34:08 | Create | Monk |
| 35:32 | Build | Farm |
| 35:39 | Research | Heavy Plow |
| 35:46 | Research | Bow Saw |
| 37:19 | Create | Villager (Male) |
| 37:19 | Create | Villager (Male) |
| 38:28 | Build | Town Center |
| 38:53 | Build | Market |
| 39:02 | Create | Villager (Male) |
| 39:02 | Create | Villager (Male) |
| 39:02 | Create | Villager (Male) |
| 39:02 | Create | Villager (Male) |
| 39:03 | Create | Villager (Male) |
| 39:04 | Create | Villager (Male) |
| 39:04 | Create | Villager (Male) |
| 39:13 | Create | Cavalry Archer |
| 39:14 | Create | Cavalry Archer |
| 39:14 | Create | Cavalry Archer |
| 39:14 | Create | Cavalry Archer |
| 39:15 | Create | Cavalry Archer |
| 39:16 | Create | Cavalry Archer |
| 39:16 | Create | Cavalry Archer |
| 39:16 | Create | Cavalry Archer |
| 39:16 | Create | Cavalry Archer |
| 39:22 | Create | Cavalry Archer |
| 39:22 | Create | Cavalry Archer |
| 39:22 | Create | Cavalry Archer |
| 39:22 | Create | Cavalry Archer |
Build order — severusblack003
First 150 of 563 actions detected
| 0:03 | Create | Villager (Male) |
| 0:04 | Create | Villager (Male) |
| 0:04 | Create | Villager (Male) |
| 0:04 | Create | Villager (Male) |
| 0:04 | Create | Villager (Male) |
| 0:37 | Build | House |
| 0:40 | Build | House |
| 2:20 | Create | Villager (Male) |
| 4:57 | Create | Villager (Male) |
| 4:57 | Create | Villager (Male) |
| 4:59 | Create | Villager (Male) |
| 5:21 | Build | Lumber Camp |
| 6:41 | Build | Mill |
| 7:53 | Create | Villager (Male) |
| 8:02 | Research | Feudal Age |
| 8:16 | Build | House |
| 9:24 | Create | Villager (Male) |
| 9:24 | Create | Villager (Male) |
| 9:25 | Create | Villager (Male) |
| 9:25 | Create | Villager (Male) |
| 9:26 | Create | Villager (Male) |
| 9:55 | Build | House |
| 9:58 | Build | House |
| 10:32 | Create | Villager (Male) |
| 10:33 | Create | Villager (Male) |
| 10:33 | Create | Villager (Male) |
| 10:34 | Create | Villager (Male) |
| 10:34 | Create | Villager (Male) |
| 11:39 | Build | Mining Camp |
| 11:46 | Create | Villager (Male) |
| 11:46 | Create | Villager (Male) |
| 11:46 | Create | Villager (Male) |
| 11:46 | Create | Villager (Male) |
| 12:03 | Build | House |
| 12:04 | Build | House |
| 12:07 | Build | House |
| 13:23 | Create | Villager (Male) |
| 14:46 | Build | Blacksmith |
| 15:04 | Build | Mill |
| 15:14 | Research | Double-Bit Axe |
| 15:20 | Create | Villager (Male) |
| 15:20 | Create | Villager (Male) |
| 15:20 | Create | Villager (Male) |
| 15:20 | Create | Villager (Male) |
| 15:21 | Create | Villager (Male) |
| 16:00 | Build | Lumber Camp |
| 16:49 | Build | House |
| 16:51 | Build | House |
| 18:06 | Build | Mill |
| 18:27 | Build | House |
| 18:29 | Build | House |
| 18:31 | Build | House |
| 19:09 | Build | Lumber Camp |
| 19:41 | Create | Villager (Male) |
| 20:17 | Build | Farm |
| 21:07 | Build | Outpost |
| 22:19 | Build | Barracks |
| 22:29 | Create | Villager (Male) |
| 22:29 | Create | Villager (Male) |
| 22:31 | Create | Villager (Male) |
| 22:34 | Create | Villager (Male) |
| 22:55 | Build | Farm |
| 22:57 | Build | Farm |
| 23:00 | Build | Farm |
| 23:02 | Build | Farm |
| 23:05 | Build | Farm |
| 23:07 | Build | Farm |
| 23:09 | Build | Farm |
| 23:15 | Build | Farm |
| 23:17 | Build | Farm |
| 23:29 | Research | Horse Collar |
| 23:47 | Build | Farm |
| 24:14 | Build | Stone Wall |
| 24:21 | Build | Building 673 |
| 24:26 | Build | Stone Wall |
| 24:58 | Build | Archery Range |
| 25:08 | Build | Stable |
| 25:18 | Build | Market |
| 25:47 | Research | Man-at-Arms (upgrade) |
| 25:49 | Research | Arson |
| 25:52 | Research | Forging |
| 25:52 | Research | Scale Mail Armor |
| 26:50 | Research | Gold Mining |
| 26:53 | Create | Villager (Male) |
| 26:53 | Create | Villager (Male) |
| 26:58 | Research | Castle Age |
| 27:12 | Build | House |
| 27:14 | Build | House |
| 27:16 | Build | House |
| 27:18 | Build | House |
| 27:22 | Build | House |
| 27:34 | Create | Spearman |
| 27:34 | Create | Militia |
| 27:34 | Create | Spearman |
| 27:35 | Create | Militia |
| 27:35 | Create | Spearman |
| 27:35 | Create | Spearman |
| 27:38 | Create | Archer |
| 27:38 | Create | Archer |
| 27:39 | Create | Archer |
| 27:39 | Create | Archer |
| 27:39 | Create | Archer |
| 27:39 | Create | Archer |
| 27:40 | Create | Archer |
| 27:40 | Create | Archer |
| 27:40 | Create | Archer |
| 27:41 | Create | Archer |
| 27:41 | Create | Archer |
| 27:41 | Create | Archer |
| 28:02 | Build | Watch Tower |
| 28:28 | Build | Mining Camp |
| 28:40 | Create | Archer |
| 28:41 | Create | Archer |
| 29:12 | Build | Mining Camp |
| 29:15 | Create | Villager (Male) |
| 29:15 | Create | Villager (Male) |
| 29:15 | Create | Villager (Male) |
| 29:16 | Create | Villager (Male) |
| 29:17 | Create | Villager (Male) |
| 30:08 | Research | Crossbowman (upgrade) |
| 30:11 | Research | Squires |
| 30:31 | Build | Farm |
| 31:07 | Build | Palisade Wall |
| 31:21 | Research | Bow Saw |
| 31:25 | Create | Villager (Male) |
| 31:25 | Create | Villager (Male) |
| 31:50 | Build | Farm |
| 31:54 | Create | Villager (Male) |
| 31:54 | Create | Villager (Male) |
| 32:09 | Build | House |
| 32:10 | Build | House |
| 32:21 | Build | Outpost |
| 32:36 | Build | Outpost |
| 32:50 | Build | Outpost |
| 32:57 | Build | Outpost |
| 33:08 | Build | Farm |
| 33:13 | Build | Farm |
| 33:22 | Build | Mill |
| 33:27 | Create | Archer |
| 33:28 | Create | Archer |
| 33:28 | Create | Archer |
| 33:28 | Create | Archer |
| 33:29 | Create | Archer |
| 33:29 | Create | Archer |
| 33:30 | Create | Archer |
| 33:35 | Research | Padded Archer Armor |
| 33:36 | Research | Scale Barding Armor |
| 33:53 | Create | Villager (Male) |
| 33:53 | Create | Villager (Male) |
| 33:53 | Create | Villager (Male) |
Match timeline
| 0:01 | 就是个玩 · resign |
| 0:23 | JUEZ94 · wall_segment Palisade Wall x1 |
| 6:33 | 亡灵圣歌 · first_building Dock |
| 8:37 | JUEZ94 · first_building Barracks |
| 12:27 | 亡灵圣歌 · wall_segment Stone Wall x4 |
| 12:28 | 亡灵圣歌 · wall_segment Stone Wall x5 |
| 13:06 | alexis_l_g · wall_segment Palisade Wall x3 |
| 14:11 | alexis_l_g · wall_segment Palisade Wall x3 |
| 14:40 | JustMytical · first_building Barracks |
| 14:50 | 亡灵圣歌 · wall_segment Stone Wall x1 |
| 14:54 | 亡灵圣歌 · wall_segment Stone Wall x1 |
| 15:13 | JustMytical · first_building Dock |
| 15:33 | Xabito77 · first_market_buy 100 wood |
| 17:39 | 亡灵圣歌 · wall_segment Stone Wall x2 |
| 17:50 | JUEZ94 · first_building Stable |
| 17:54 | 亡灵圣歌 · first_building Monastery |
| 18:14 | Xabito77 · first_building Barracks |
| 18:36 | 亡灵圣歌 · wall_segment Stone Wall x1 |
| 18:53 | Xabito77 · wall_segment Stone Wall x22 |
| 19:49 | JustMytical · wall_segment Stone Wall x8 |
| 19:52 | alexis_l_g · first_building Barracks |
| 21:49 | Xabito77 · first_building Monastery |
| 22:18 | Xabito77 · first_building Castle |
| 22:19 | severusblack003 · first_building Barracks |
| 23:26 | JUEZ94 · wall_segment Stone Wall x4 |
| 23:37 | JUEZ94 · wall_segment Stone Wall x3 |
| 24:14 | severusblack003 · wall_segment Stone Wall x5 |
| 24:26 | severusblack003 · wall_segment Stone Wall x6 |
| 24:58 | severusblack003 · first_building Archery Range |
| 25:08 | severusblack003 · first_building Stable |
| 26:11 | JUEZ94 · wall_segment Stone Wall x10 |
| 26:15 | JustMytical · first_building Archery Range |
| 27:13 | JUEZ94 · first_building Archery Range |
| 27:40 | JustMytical · first_building Stable |
| 30:09 | 亡灵圣歌 · first_market_buy 100 food |
| 30:18 | alexis_l_g · first_building Archery Range |
| 30:18 | 亡灵圣歌 · first_building Castle |
| 31:07 | severusblack003 · wall_segment Palisade Wall x13 |
| 32:17 | 亡灵圣歌 · first_building Siege Workshop |
| 32:46 | Xabito77 · wall_segment Stone Wall x7 |
| 32:50 | 亡灵圣歌 · first_building Barracks |
| 32:59 | alexis_l_g · first_building Monastery |
| 33:29 | JustMytical · first_building Castle |
| 34:44 | severusblack003 · wall_segment Palisade Wall x12 |
| 35:04 | JustMytical · first_building Monastery |
| 36:11 | JustMytical · wall_segment Stone Wall x1 |
| 36:13 | JUEZ94 · first_building Monastery |
| 37:54 | Xabito77 · wall_segment Stone Wall x18 |
| 39:24 | severusblack003 · first_building Monastery |
| 40:18 | JUEZ94 · first_building Castle |
| 40:50 | 亡灵圣歌 · first_building Archery Range |
| 41:28 | severusblack003 · first_building Castle |
| 42:06 | alexis_l_g · first_building Castle |
| 42:40 | alexis_l_g · wall_segment Stone Wall x8 |
| 43:30 | alexis_l_g · wall_segment Stone Wall x9 |
| 44:44 | JUEZ94 · first_building Siege Workshop |
| 47:29 | alexis_l_g · wall_segment Stone Wall x12 |
| 48:43 | severusblack003 · first_building Siege Workshop |
| 49:03 | alexis_l_g · wall_segment Stone Wall x10 |
| 53:23 | alexis_l_g · first_building Stable |
| 56:20 | alexis_l_g · wall_segment Stone Wall x9 |
| 58:32 | Xabito77 · first_building Siege Workshop |
| 69:33 | alexis_l_g · first_building Siege Workshop |
| 76:49 | alexis_l_g · wall_segment Stone Wall x1 |
| 79:42 | severusblack003 · first_market_sell 100 food |
| 84:23 | alexis_l_g · first_market_sell 500 wood |
| 86:41 | Xabito77 · wall_segment Stone Wall x18 |
[ AI ANALYSIS · 1 CREDIT ]
What really happened in this match?
Wolo.gg analyzes every decision: build order, eco, micro, common mistakes by bracket. Personalized analysis on WhatsApp or Discord in 30 seconds.
Civ guide
Japanese
Perfil
Jugador #2566092